 Dungeon Crawl Stone Soup version 0.26.1-16-g4e020e15dc (webtiles) character file.

Game seed: 456084986040557779

1451729 Twinkles the Halfling Catapult (level 27, 219/219 HPs)
             Began as a Halfling Arcane Marksman on Mar 13, 2023.
             Was a High Priest of Okawaru.
             Escaped with the Orb
             ... and 3 runes on Mar 19, 2023!
             The game lasted 10:31:43 (113759 turns).

Twinkles the Halfling Catapult (HaAM)             Turns: 113759, Time: 10:31:44

Health: 219/219    AC: 40    Str: 16      XL:     27
Magic:  32/32      EV: 26    Int: 10 (12) God:    Okawaru [*****.]
Gold:   2500       SH: 19    Dex: 25      Spells: 10/28 levels left

rFire    + + .     SeeInvis +   a - +8 fustibalus (freeze)
rCold    . . .     Faith    .   f - +2 kite shield {AC+3}
rNeg     . . .     Spirit   .   B - +7 storm dragon scales
rPois    +         Reflect  .   A - +0 helmet "Ucecuado" {Rampage +Fly Will+++ Int-2}
rElec    +         Harm     .   V - +2 cloak {rPois}
rCorr    .         Rampage  +   o - +1 pair of gloves {Dex+3}
Will     +++++                  D - +2 pair of boots {run}
Stlth    +.........             s - amulet of regeneration
HPRegen  0.86/turn              Y - ring "Myten" {rF+ Str+2 SInv}
MPRegen  0.23/turn              X - +4 ring of evasion

@: quick
A: small, fire resistance 1, mutation resistance 1, screaming 1
0: Orb of Zot
}: 3/15 runes: decaying, serpentine, slimy
a: Renounce Religion, Evoke Flight, Heroism, Finesse


You escaped.
You worshipped Okawaru.
Okawaru was extremely pleased with you.
You visited 12 branches of the dungeon, and saw 57 of its levels.
You also visited: Ice Cave and Wizlab.

You collected 8885 gold pieces.
You spent 6385 gold pieces at shops.

Inventory:

Hand Weapons
 a - a +8 fustibalus of freezing (weapon)
 b - the +18 lance "Wyrmbane" {slay drac, rPois rF+ rC+ AC+3}
   (You took it off a deep elf death mage on level 3 of the Elven Halls)

   It affects your AC (+3).
   It protects you from fire.
   It protects you from cold.
   It protects you from poison.
Missiles
 d - 404 sling bullets (quivered ammo)
 y - 40 curare-tipped darts
 U - 2 throwing nets
Armour
 f - a +2 kite shield of protection (worn)
 o - a +1 pair of gloves of dexterity (worn)
 A - the +0 helmet "Ucecuado" (worn) {Rampage +Fly Will+++ Int-2}
   (You found it on level 5 of the Dungeon)

   It affects your intelligence (-2).
   It affects your willpower, your defense against some magical effects.
   It lets you fly.
   It bestows one free step when moving towards enemies.
 B - +7 storm dragon scales (worn)
 D - a +2 pair of boots of running (worn)
 V - a +2 cloak of poison resistance (worn)
Jewellery
 r - an uncursed ring of resist corrosion
 s - an amulet of regeneration (around neck)
 X - a +4 ring of evasion (right hand)
 Y - the ring "Myten" (left hand) {rF+ Str+2 SInv}
   (You found it in a wizard's laboratory)

   [ring of protection from fire]

   It affects your strength (+2).
   It protects you from fire.
   It lets you see invisible.
Wands
 q - a wand of paralysis (38)
 E - a wand of acid (17)
 L - a wand of digging (7)
 M - a wand of enslavement (7)
 O - a wand of iceblast (83)
 R - a wand of disintegration (57)
Scrolls
 g - 4 scrolls of vulnerability
 k - 8 scrolls of fear
 l - 7 scrolls of summoning
 n - 9 scrolls of blinking
 p - 2 scrolls of holy word
 v - 6 scrolls of magic mapping
 G - 9 scrolls of fog
 Q - 5 scrolls of identify
 S - 26 scrolls of teleportation
 T - 7 scrolls of immolation
 W - 8 scrolls of silence
Potions
 c - 13 potions of mutation
 e - 7 potions of berserk rage
 h - 8 potions of flight
 j - 8 potions of ambrosia
 m - 15 potions of curing
 t - 8 potions of invisibility
 w - 8 potions of haste
 x - 9 potions of lignification
 z - 11 potions of resistance
 C - 5 potions of might
 K - 10 potions of magic
 N - 11 potions of heal wounds
 Z - 9 potions of cancellation
Miscellaneous
 i - a phantom mirror
 u - a phial of floods
 H - a tin of tremorstones (2/2)
 I - a box of beasts
 J - a condenser vane


   Skills:
 * Level 25.8 Fighting
 - Level 14.0 Short Blades
 - Level 12.0 Polearms
 O Level 27 Slings
 + Level 18.8 Armour
 - Level 15.3 Dodging
 - Level 13.1 Stealth
 - Level 20.0 Shields
 - Level 1.0 Spellcasting
 - Level 2.4 Hexes
 - Level 12.6 Translocations
 - Level 12.8 Invocations
 - Level 11.2 Evocations


You had 10 spell levels left.
You knew the following spells:

 Your Spells              Type           Power        Failure   Level
a - Portal Projectile     Hex/Tloc       30%          30%         3
b - Blink                 Tloc           N/A          1%          2
g - Gell's Gravitas       Tloc           12%          3%          3
l - Lesser Beckoning      Tloc           12%          3%          3
o - Teleport Other        Tloc           25%          3%          3
p - Passage of Golubria   Tloc           N/A          12%         4

Your spell library contained the following spells:

 Spells                   Type           Power        Failure   Level
 Corona                   Hex            5%           65%         1
 Slow                     Hex            5%           78%         2
 Dispersal                Tloc           12%          88%         6
 Ensorcelled Hibernation  Hex/Ice        4%           91%         2
 Beastly Appendage        Tmut           0%           92%         1
 Foxfire                  Conj/Fire      0%           92%         1
 Magic Dart               Conj           0%           92%         1
 Shock                    Conj/Air       0%           92%         1
 Sting                    Tmut/Pois      0%           92%         1
 Summon Small Mammal      Summ           0%           92%         1
 Confusing Touch          Hex            5%           95%         3
 Call Imp                 Summ           0%           98%         2
 Corpse Rot               Necr/Air       N/A          98%         2
 Poisonous Vapours        Pois/Air       0%           98%         2
 Sublimation of Blood     Necr           0%           98%         2
 Swiftness                Air            0%           98%         2
 Wereblood                Tmut           0%           98%         2
 Dazzling Flash           Conj/Hex       4%           99%         3
 Inner Flame              Hex/Fire       2%           99%         3
 Summon Guardian Golem    Hex/Summ       2%           99%         3
 Summon Forest            Summ/Tloc      6%           99%         5
 Call Canine Familiar     Summ           0%           100%        3
 Conjure Flame            Conj/Fire      0%           100%        3
 Ignite Poison            Fire/Tmut/Pois 0%           100%        3
 Mephitic Cloud           Conj/Pois/Air  0%           100%        3
 Spider Form              Tmut/Pois      0%           100%        3
 Static Discharge         Conj/Air       0%           100%        3
 Stone Arrow              Conj/Erth      0%           100%        3
 Airstrike                Air            0%           100%        4
 Animate Dead             Necr           0%           100%        4
 Cause Fear               Hex            2%           100%        4
 Dispel Undead            Necr           0%           100%        4
 Fulminant Prism          Conj/Hex       1%           100%        4
 Hailstorm                Conj/Ice       0%           100%        4
 Ice Form                 Ice/Tmut       0%           100%        4
 Leda's Liquefaction      Hex/Erth       1%           100%        4
 Olgreb's Toxic Radiance  Pois           0%           100%        4
 Petrify                  Tmut/Erth      0%           100%        4
 Summon Ice Beast         Ice/Summ       0%           100%        4
 Summon Lightning Spire   Summ/Air       0%           100%        4
 Agony                    Necr           0%           100%        5
 Alistair's Intoxication  Tmut/Pois      0%           100%        5
 Blade Hands              Tmut           0%           100%        5
 Bolt of Magma            Conj/Fire/Erth 0%           100%        5
 Borgnjor's Vile Clutch   Necr/Erth      0%           100%        5
 Excruciating Wounds      Necr           0%           100%        5
 Fireball                 Conj/Fire      0%           100%        5
 Irradiate                Conj/Tmut      0%           100%        5
 Lightning Bolt           Conj/Air       0%           100%        5
 Metabolic Englaciation   Hex/Ice        1%           100%        5
 Silence                  Hex/Air        1%           100%        5
 Summon Demon             Summ           0%           100%        5
 Summon Mana Viper        Hex/Summ       2%           100%        5
 Yara's Violent Unravell  Hex/Tmut       1%           100%        5
 Conjure Ball Lightning   Conj/Air       0%           100%        6
 Death Channel            Necr           0%           100%        6
 Eringya's Noxious Bog    Tmut/Pois      0%           100%        6
 Freezing Cloud           Conj/Ice/Air   0%           100%        6
 Hydra Form               Tmut           0%           100%        6
 Iron Shot                Conj/Erth      0%           100%        6
 Ozocubu's Refrigeration  Ice            0%           100%        6
 Shadow Creatures         Summ           N/A          100%        6
 Simulacrum               Ice/Necr       0%           100%        6
 Statue Form              Tmut/Erth      0%           100%        6
 Dragon Form              Tmut           0%           100%        7
 Haunt                    Necr/Summ      0%           100%        7
 Malign Gateway           Summ/Tloc      6%           100%        7
 Summon Hydra             Summ           0%           100%        7
 Borgnjor's Revivificati  Necr           0%           100%        8
 Disjunction              Tloc           12%          100%        8
 Infestation              Necr           0%           100%        8
 Lehudib's Crystal Spear  Conj/Erth      0%           100%        8
 Necromutation            Tmut/Necr      0%           100%        8
 Death's Door             Necr           0%           100%        9
 Dragon's Call            Summ           0%           100%        9
 Tornado                  Air            0%           100%        9


Dungeon Overview and Level Annotations

Branches:
Dungeon (15/15)            Temple (1/1) D:5            Lair (6/6) D:10
  Swamp (4/4) Lair:3        Snake (4/4) Lair:2        Slime (5/5) Lair:6
    Orc (2/2) D:10            Elf (3/3) Orc:2        Vaults (4/5) D:13
  Crypt (3/3) Vaults:3       Tomb (0/3) Crypt:3      Depths (5/5) D:15
    Zot (5/5) Depths:5      IceCv (visited)          WizLab (visited)

Altars:
Ashenzari
Cheibriados
Dithmenos
Elyvilon
Fedhas
Gozag
Hepliaklqana
Kikubaaqudgha
Makhleb
Nemelex Xobeh
Okawaru
Qazlal
Ru
Sif Muna
Trog
Uskayaw
Vehumet
Wu Jian
Xom
Yredelemnul
Zin
The Shining One
Beogh
Lugonu

Shops:
D:4 !   D:7 !   D:15 }(   Orc:1 *   Orc:2 !!=(   Elf:1 [=(   Elf:3 *
Vaults:1 (   Depths:1 (??   Depths:3 ![[

Portals:
Hell: Depths:1 Depths:2 Depths:3 Depths:4 Depths:5
Abyss: Depths:2 Depths:3 Depths:4 Depths:5
Pandemonium: Depths:2 Depths:3 Depths:4
Ziggurat: Depths:4

Annotations:
Lair:4 BiteMe's ghost, journeyman DrCj; sigtrap's ghost, adept GnFi
Vaults:2 3 runed translucent doors, exclusion: orange crystal statue, Vatovie's ghost, veteran MiFi
Zot:4 exclusion: downstairs


Innate Abilities, Weirdness & Mutations

You are small and have problems with some larger weapons.
You are somewhat resistant to further mutation.
Your flesh is heat resistant. (rF+)
You occasionally shout uncontrollably at your foes.


Message History

(V) Vaults (C) Crypt (W) Tomb (U) Depths (H) Hell (Z) Zot
Where to? (Enter - D:1 @ (x,y), ? - help)
What level of the Dungeon? (default 1, ? - help)
There is an escape hatch in the ceiling here.
A mysterious force pulls you upwards. The hatch slams shut behind you.
A goblin comes into view. It is wielding a +0 dagger.
The goblin shouts!
You shoot a sling bullet. The sling bullet hits the goblin!
The sling bullet freezes the goblin.
You kill the goblin!
No target in view!
You feel yourself speed up.
Your extra speed is starting to run out.
There is an open door here.
You feel yourself slow down.
There is a staircase leading out of the dungeon here.
Okay, then.
Unknown command.
You have escaped!

########..##..###..## #.
#...................# #.
#..###############..# ##
##'##.............##'##
###..........⌠..........###
##...⌠.................⌠...##
##........⌠.........⌠........##
##.............................#
.#...⌠..........@..........⌠...#
.#.............................#
.##........⌠.........⌠........###
..##...⌠.................⌠...##..
..####..........⌠..........######
..# ######.............######
..###....###############....#
.......#######.# #........#
##..........##.# #........#


There were no monsters in sight!

Vanquished Creatures
  the Royal Jelly (Slime:5)
  12 orbs of fire
  Mennas (Depths:3)
  9 ancient liches
  3 royal mummies (Crypt:1)
  Boris (Depths:5)
  4 Killer Klowns
  3 curse toes
  A caustic shrike (Depths:3)
  7 golden dragons
  Nikola (Snake:1)
  A profane servitor (Depths:5)
  Jory (Vaults:3)
  11 tentacled monstrosities
  25 Orb Guardians (Zot:5)
  6 electric golems
  A moon troll (WizLab)
  6 quicksilver dragons
  7 liches
  4 deep elf blademasters (Elf:3)
  3 deep elf master archers (Elf:3)
  24 acid blobs
  3 ancient champions
  9 tentacled starspawn (WizLab)
  10 death cobs
  2 sphinxes
  Kirke (D:15)
  7 tengu reavers
  4 draconian monks
  7 shadow dragons
  9 azure jellies
  2 thorn hunters (Swamp:4)
  14 storm dragons
  Donald (Elf:1)
  9 nagarajas
  Roxanne (D:15)
  9 deep elf sorcerers
  8 fire giants
  10 vault wardens
  3 frost giants
  2 ghost moths
  4 draconian knights
  An iron dragon (Depths:5)
  3 cacodemons
  Louise (Snake:1)
  8 ironheart preservers
  A balrug (Depths:5)
  3 draconian stormcallers
  Aizul (Swamp:1)
  3 deep elf elementalists (Elf:3)
  4 draconian scorchers
  5 reapers (Crypt:3)
  8 draconian shifters
  A spriggan defender (Depths:5)
  A ghoul (Crypt:1)
  4 war gargoyles
  20 stone giants
  36 very ugly things
  3 draconian annihilators
  Nessos (D:13)
  8 green draconians
  2 vampire knights (Crypt:1)
  3 deep elf demonologists
  An entropy weaver (Vaults:2)
  4 purple draconians
  7 yellow draconians
  11 deep elf annihilators
  9 white draconians
  5 bunyips
  A dire elephant (Lair:6)
  6 spark wasps
  10 red draconians
  17 black draconians
  2 green deaths
  2 pearl dragon zombies (Depths:5)
  9 deep elf death magi
  10 death oozes
  10 eidola
  2 crystal guardians
  A blizzard demon (Depths:2)
  Snorg (D:13)
  11 fire dragons
  4 mummy priests
  2 eleionomae
  5 jiangshi
  The ghost of Inuonops the Spear-Bearer, a journeyman MfFi of Hepliaklqana (Lair:1)
  4 deep elf high priests
  10 great orbs of eyes
  9 ogre magi
  13 yaktaur captains
  A shambling mangrove (Swamp:4)
  10 ettins
  Josephine (D:15)
  A quicksilver dragon skeleton (Crypt:1)
  18 naga warriors
  7 vault guards
  27 hydras
  5 boulder beetles
  A monstrous demonspawn (Depths:4)
  2 spriggan air magi (Depths:2)
  The ghost of Beqar the Reanimator, a journeyman GnNe of Cheibriados (Lair:1)
  2 ghost crabs
  2 rakshasas
  11 ice dragons
  A catoblepas (Lair:6)
  5 anacondas
  The ghost of Hotij the Zephyrmancer, a journeyman TeAE of Vehumet (Lair:1)
  3 death knights
  23 two-headed ogres
  6 alligators
  7 centaur warriors
  A satyr (shapeshifter) (Depths:3)
  2 tengu warriors
  31 dancing weapons
  3 hell hogs (Depths:5)
  3 death yaks
  8 deep troll shamans
  5 small abominations
  6 vampire magi (Crypt:1)
  9 spriggan berserkers
  8 shock serpents
  3 deep troll earth magi
  11 naga sharpshooters
  24 deep elf knights
  6 hell knights
  9 orc high priests
  5 soul eaters (Crypt:3)
  A wretched star (WizLab)
  A sun demon (D:7)
  3 salamander mystics
  A storm dragon zombie (Crypt:3)
  An iron troll (Depths:5)
  A shadow wraith (Crypt:2)
  A sixfirhy (Zot:2)
  18 skeletal warriors
  2 orange crystal statues
  3 titan skeletons
  A ghost moth zombie (Crypt:3)
  2 goliath frogs
  4 unseen horrors
  20 deep trolls
  A storm dragon skeleton (Crypt:2)
  A shadow demon (D:4)
  A wizard (Depths:4)
  A golden dragon skeleton (Crypt:3)
  4 spriggan druids
  7 naga ritualists
  2 tengu zombies
  8 bog bodies
  6 flayed ghosts
  5 ironbrand convokers
  2 shadow dragon zombies
  An anaconda skeleton (Crypt:3)
  10 glowing orange brains
  16 phantasmal warriors
  A lindwurm (Lair:6)
  17 swamp dragons
  A harpy (D:14)
  A frost giant zombie (Crypt:3)
  22 deep elf archers
  8 orc knights
  21 necromancers
  3 wolf spider zombies (Crypt:3)
  A stone giant zombie (Crypt:3)
  4 oklob plants (Lair:3)
  75 deep elf magi
  2 shadow dragon skeletons (Crypt:3)
  6 cyclopes
  A tengu skeleton (Vaults:3)
  5 will-o-the-wisps
  49 ugly things
  3 shining eyes (Slime:5)
  10 mana vipers
  5 iron dragon zombies
  A fire giant zombie (Crypt:3)
  3 orc sorcerers
  24 moths of wrath
  5 manticores
  5 wolf spiders
  8 vault sentinels
  9 salamanders
  A toenail golem (D:2)
  A dire elephant zombie (Crypt:3)
  A water nymph (shapeshifter) (Vaults:4)
  A stone giant skeleton (Crypt:3)
  7 eyes of devastation
  2 frost giant skeletons (Crypt:3)
  8 guardian serpents
  4 centaur skeletons
  4 apis skeletons (Depths:5)
  12 elephants
  16 naga magi
  A yellow draconian zombie (Crypt:1)
  2 rust devils
  An ice statue (IceCv)
  30 black mambas
  6 gargoyles
  13 cane toads
  A smoke demon (Depths:4)
  A minotaur zombie (Crypt:3)
  A catoblepas zombie (Crypt:3)
  3 orange demons
  2 spriggan skeletons (Depths:2)
  2 dire elephant skeletons
  A redback zombie (D:14)
  2 human zombies
  8 freezing wraiths
  A purple draconian skeleton (Crypt:1)
  4 kobold demonologists
  6 rime drakes
  4 tengu conjurers
  43 yaktaurs
  An ice devil (Depths:2)
  2 hydra zombies
  A guardian mummy (Crypt:3)
  A human skeleton (Vaults:4)
  9 komodo dragons
  A tormentor (D:4)
  2 polar bears (shapeshifter)
  15 hellwings
  5 trolls
  6 tyrant leeches
  A hydra skeleton (Crypt:3)
  A red devil (Depths:4)
  An iron troll skeleton (Crypt:1)
  A jumping spider (Vaults:2)
  17 polar bears
  22 hornets
  3 meliai
  A wolf spider simulacrum (D:14)
  A moth of wrath zombie (Crypt:2)
  2 raiju (Zot:2)
  An ettin zombie (Crypt:1)
  A dream sheep (Lair:6)
  A raiju (shapeshifter) (Vaults:2)
  2 harpy skeletons
  29 blink frogs
  A tarantella zombie (Crypt:1)
  An iron dragon simulacrum (Depths:2)
  A meliai zombie (D:14)
  79 slime creatures
  2 ettin skeletons
  A spriggan (shapeshifter) (Elf:1)
  A centaur simulacrum (D:15)
  10 water elementals
  2 redbacks (Vaults:2)
  Sigmund (D:5)
  2 vampires
  A black mamba zombie (Crypt:1)
  17 spriggans
  7 wyverns
  18 wraiths
  70 yaks
  A shadow (D:14)
  A fire bat (shapeshifter) (Vaults:3)
  8 large abominations
  An air elemental (Elf:2)
  3 hogs (D:15)
  6 fire elementals
  A chaos spawn (Depths:4)
  A hog (shapeshifter) (Vaults:3)
  2 neqoxecs
  2 humans (D:15)
  8 golden eyes (WizLab)
  6 basilisks
  A human simulacrum (Vaults:1)
  A steam dragon (Lair:3)
  18 vampire mosquitoes
  11 wargs
  A deep troll zombie (Vaults:4)
  58 nagas
  An ogre zombie (Vaults:1)
  20 swamp worms
  6 two-headed ogre zombies (D:12)
  17 water moccasins
  4 acid dragons
  A soldier ant (D:12)
  A water moccasin (shapeshifter) (Depths:4)
  Duvessa (D:6)
  2 floating eyes
  An ogre skeleton (Vaults:1)
  9 swamp drakes
  A torturous demonspawn skeleton (Crypt:3)
  4 black bears
  4 necrophages
  24 orc warriors
  A black mamba simulacrum (Crypt:1)
  A cane toad skeleton (Crypt:3)
  8 eyes of draining
  3 sky beasts
  A phantom (D:12)
  3 ice beasts
  30 ogres
  28 wolves
  9 boggarts
  A snapping turtle skeleton (Crypt:3)
  22 centaurs
  A swamp dragon skeleton (Crypt:3)
  3 big kobolds
  3 earth elementals
  21 bullfrogs
  A wyvern zombie (D:10)
  An ogre simulacrum (Vaults:1)
  16 wyvern skeletons
  7 scorpions
  Dowan (D:6)
  A troll zombie (Crypt:2)
  30 killer bees
  33 wights
  5 howler monkeys
  6 electric eels
  4 centaur zombies
  4 crimson imps
  4 starcursed masses (WizLab)
  2 quasits
  2 bullfrog zombies
  14 hounds
  2 iron imps
  10 jellies
  A gnoll shaman (Orc:1)
  37 orc priests
  24 orc wizards
  Crazy Yiuf (D:3)
  5 bullfrog skeletons
  9 iguanas
  2 demonspawn skeletons
  Terence (D:2)
  5 lightning spires (Zot:2)
  A hell rat (Lair:6)
  13 worker ants
  2 hound skeletons
  2 mummies (Crypt:3)
  A howler monkey zombie (D:7)
  Robin (D:3)
  A worker ant zombie (D:7)
  16 adders
  5 gnolls (Orc:1)
  A howler monkey skeleton (D:9)
  3 shadow imps
  17 white imps
  2 ufetubi
  An adder zombie (D:7)
  An iguana skeleton (Crypt:2)
  5 worms
  An adder skeleton (D:7)
  A dart slug (D:1)
  8 leopard geckos
  89 orcs
  2 bats
  7 giant cockroaches
  15 goblins
  12 hobgoblins
  7 jackals
  3 quokkas
  7 frilled lizards
  A gnoll skeleton (Crypt:1)
  21 kobolds
  A leopard gecko skeleton (D:6)
  A leopard gecko zombie (Crypt:2)
  An orc skeleton (Crypt:1)
  A quokka skeleton (D:4)
  6 rats
  3 ball lightnings (Zot:2)
  2 butterflies
  4 crawling corpses
  2 starspawn tentacles (WizLab)
2600 creatures vanquished.

Vanquished Creatures (others)
  2 draconian knights (Zot:1)
  2 black draconians (Zot:2)
  The ghost of Cumfusion the Basher, a journeyman MiFi of the Shining One (D:14)
  An ice dragon (Depths:5)
  2 spriggan air magi (Depths:5)
  A tengu warrior (Depths:5)
  A deep elf knight (Elf:3)
  3 sixfirhies (Zot:2)
  A spriggan druid (Swamp:4)
  A water elemental (Elf:2)
  A human (D:15)
  A naga (Snake:4)
  A white imp (Depths:1)
  An orc (Orc:2)
  A goblin (D:3)
  2 ball lightnings (Zot:2)
  2 briar patches (Swamp:4)
  A demonic plant (WizLab)
  32 foxfires
  41 fungi
  50 plants
  35 starspawn tentacles (WizLab)
  3 toadstools (Depths:3)
  30 withered plants
216 creatures vanquished.

Grand Total: 2816 creatures vanquished

Notes
Turn   | Place    | Note
-------+----------+-------------------------------------------
     0 | D:1      | Twinkles the Halfling Arcane Marksman began the quest for
                  | the Orb.
     0 | D:1      | Reached XP level 1. HP: 12/12 MP: 2/2
    70 | D:1      | Reached skill level 1 in Fighting
   297 | D:1      | Reached XP level 2. HP: 18/18 MP: 3/3
   671 | D:1      | Reached skill level 1 in Stealth
   769 | D:1      | Reached skill level 1 in Armour
   769 | D:1      | Reached XP level 3. HP: 23/23 MP: 4/4
   834 | D:2      | Noticed Terence
   852 | D:2      | HP: 5/23 [Terence/+0 hand axe (8)]
   855 | D:2      | Killed Terence
   856 | D:2      | Reached XP level 4. HP: 7/28 MP: 5/5
  2253 | D:3      | Noticed Robin
  2283 | D:3      | Killed Robin
  2284 | D:3      | Reached skill level 4 in Slings
  2284 | D:3      | Reached XP level 5. HP: 19/34 MP: 3/6
  2521 | D:3      | Noticed an ogre
  2984 | D:3      | Found a runed translucent door.
  3120 | D:3      | Noticed Crazy Yiuf
  3297 | D:4      | Noticed an ogre
  3494 | D:4      | Found Ysies's Distillery.
  3497 | D:4      | Bought a potion of heal wounds for 70 gold pieces
  3497 | D:4      | Bought a potion of curing for 42 gold pieces
  3497 | D:4      | Noticed an ogre
  3884 | D:3      | Killed an ogre
  3885 | D:3      | Reached XP level 6. HP: 41/41 MP: 7/7
  4180 | D:4      | Noticed an ogre
  4212 | D:4      | Killed an ogre
  4213 | D:4      | Reached skill level 5 in Slings
  4219 | D:4      | Reached XP level 7. HP: 45/45 MP: 8/8
  5113 | D:5      | Entered Level 5 of the Dungeon
  5113 | D:5      | Noticed a water moccasin
  5180 | D:5      | Reached skill level 6 in Slings
  5180 | D:5      | Reached XP level 8. HP: 20/52 MP: 2/9
  5364 | D:5      | Found an ancient bone altar of Kikubaaqudgha.
  5398 | D:5      | You fall into a shaft and drop 2 floors!
  5751 | D:6      | HP: 9/52 [iguana (9)]
  5752 | D:6      | HP: 4/52 [iguana (5)]
  5767 | D:6      | HP: 15/52 [poisoned by a worker ant]
  5772 | D:6      | HP: 11/53 [iguana (4)]
  5785 | D:6      | HP: 14/53 [iguana (4)]
  5789 | D:6      | HP: 5/53 [iguana (9)]
  6169 | D:6      | Reached skill level 5 in Dodging
  6196 | D:6      | Found a shadowy altar of Dithmenos.
  6324 | D:5      | Found a staircase to the Ecumenical Temple.
  6333 | Temple   | Entered the Ecumenical Temple
  6558 | Temple   | Became a worshipper of Warmaster Okawaru
  6618 | D:5      | Reached skill level 5 in Stealth
  6944 | Temple   | Reached skill level 7 in Slings
  7052 | D:5      | Reached XP level 9. HP: 58/58 MP: 10/10
  7340 | D:5      | Got a twisted helmet
  7346 | D:5      | Identified the +0 helmet "Ucecuado" {Rampage +Fly Will+++
                  | Int-2} (You found it on level 5 of the Dungeon)
  7371 | D:5      | Noticed Sigmund
  7724 | D:5      | Reached skill level 5 in Armour
  7757 | D:5      | Reached * piety under Okawaru
  8197 | D:5      | Killed Sigmund
  8463 | D:6      | Reached skill level 8 in Slings
  8682 | D:3      | Killed Crazy Yiuf
  9127 | D:6      | Noticed Dowan
  9162 | D:6      | Killed Dowan
  9163 | D:6      | Reached skill level 5 in Fighting
  9299 | D:6      | Noticed Duvessa
  9469 | D:6      | Killed Duvessa
  9991 | D:7      | Reached ** piety under Okawaru
 10273 | D:6      | Reached XP level 10. HP: 59/66 MP: 9/11
 10729 | D:7      | Reached skill level 9 in Slings
 10867 | D:7      | Noticed a boulder beetle
 11103 | D:7      | Found Ziwu Ygoxki's Distillery.
 11111 | D:7      | Bought a potion of heal wounds for 75 gold pieces
 11493 | D:8      | Reached *** piety under Okawaru
 11498 | D:8      | HP: 18/68 [yak (5)]
 12103 | D:8      | Reached skill level 10 in Slings
 12941 | D:8      | Got a slimy rapier
 12942 | D:8      | Identified the +7 rapier "Byh Gun" {drain, *Slow rElec rF+}
                  | (You found it on level 8 of the Dungeon)
 13156 | D:9      | Reached **** piety under Okawaru
 13217 | D:9      | Noticed a seven-headed hydra
 13243 | D:9      | Found a hide-covered altar of Uskayaw.
 13288 | D:9      | Reached XP level 11. HP: 73/73 MP: 12/12
 14325 | D:9      | Received a gift from Okawaru
 14326 | D:9      | Reached skill level 11 in Slings
 14524 | D:9      | Found a shimmering blue altar of Sif Muna.
 14524 | D:9      | Found a snail-covered altar of Cheibriados.
 14738 | D:10     | Entered Level 10 of the Dungeon
 14750 | D:10     | Noticed a centaur warrior
 14802 | D:10     | Found a staircase to the Orcish Mines.
 14847 | D:10     | Reached ***** piety under Okawaru
 15002 | D:10     | Reached skill level 1 in Short Blades
 15136 | D:10     | Received a gift from Okawaru
 15214 | D:10     | Found a staircase to the Lair.
 15563 | D:10     | Found a hazy altar of Hepliaklqana.
 15583 | D:10     | Noticed a purple ugly thing
 15583 | D:10     | Noticed a cyclops
 15977 | D:10     | Received a gift from Okawaru
 16317 | Lair:1   | Entered Level 1 of the Lair of Beasts
 16543 | D:10     | Received a gift from Okawaru
 16544 | D:10     | Reached skill level 1 in Invocations
 16702 | Lair:1   | Received a gift from Okawaru
 16718 | Lair:1   | Reached XP level 12. HP: 77/81 MP: 13/13
 16789 | Lair:1   | Reached skill level 12 in Slings
 16907 | Lair:1   | Reached skill level 5 in Short Blades
 16941 | Lair:1   | Found a frozen archway.
 16982 | IceCv    | Entered an ice cave
 17717 | IceCv    | Reached skill level 5 in Invocations
 17967 | IceCv    | Noticed a frost giant
 18225 | IceCv    | HP: 19/84 [frost giant/bolt of cold (29)]
 18665 | IceCv    | Received a gift from Okawaru
 19361 | Lair:1   | Received a gift from Okawaru
 19525 | Lair:1   | Reached XP level 13. HP: 90/90 MP: 17/17
 19705 | Lair:1   | Found a runed translucent gate.
 19706 | Lair:1   | Found a runed translucent gate.
 19708 | Lair:1   | Found a runed translucent gate.
 19715 | Lair:1   | Noticed Hotij's ghost (journeyman TeAE)
 19715 | Lair:1   | Noticed Beqar's ghost (journeyman GnNe)
 19718 | Lair:1   | Noticed Inuonops's ghost (journeyman MfFi)
 20121 | Lair:2   | Noticed an eight-headed hydra
 20381 | Lair:2   | Found a staircase to the Snake Pit.
 20930 | Lair:3   | Noticed a six-headed hydra
 21217 | Lair:2   | Reached ****** piety under Okawaru
 21289 | Lair:2   | Received a gift from Okawaru
 22113 | Lair:3   | Noticed a six-headed hydra
 22121 | Lair:3   | Killed a six-headed hydra
 22121 | Lair:3   | Received a gift from Okawaru
 22299 | Lair:3   | Reached skill level 13 in Slings
 22462 | Lair:2   | Reached skill level 10 in Dodging
 22528 | Lair:3   | Killed a six-headed hydra
 22559 | Lair:3   | Found a staircase to the Swamp.
 23079 | Lair:4   | Found a runed translucent gate.
 23081 | Lair:4   | Found a runed translucent gate.
 23082 | Lair:4   | Found a runed translucent gate.
 23083 | Lair:4   | Noticed BiteMe's ghost (journeyman DrCj)
 23084 | Lair:4   | Noticed sigtrap's ghost (adept GnFi)
 23189 | Lair:3   | Reached skill level 10 in Armour
 23328 | Lair:3   | Received a gift from Okawaru
 23501 | Lair:4   | Noticed a six-headed hydra
 23513 | Lair:4   | Killed a six-headed hydra
 23573 | Lair:4   | Reached XP level 14. HP: 88/98 MP: 19/19
 23576 | Lair:4   | Received a gift from Okawaru
 24271 | Lair:4   | Reached skill level 10 in Fighting
 25150 | Lair:6   | Entered Level 6 of the Lair of Beasts
 25464 | Lair:5   | Reached skill level 14 in Slings
 25678 | Lair:6   | Reached skill level 10 in Short Blades
 26066 | Lair:6   | Received a gift from Okawaru
 26147 | Lair:6   | Noticed a dire elephant
 26203 | Lair:6   | Received a gift from Okawaru
 26491 | Lair:6   | Received a gift from Okawaru
 26573 | Lair:6   | Found a staircase to the Slime Pits.
 26969 | Lair:6   | Received a gift from Okawaru
 27110 | Lair:6   | Reached XP level 15. HP: 105/105 MP: 20/22
 29204 | D:10     | Reached skill level 1 in Shields
 30018 | D:11     | Reached skill level 10 in Invocations
 31707 | D:13     | You fall into a shaft and drop 1 floor!
 31958 | D:13     | Noticed Nessos
 31965 | D:13     | Received a gift from Okawaru
 32229 | D:13     | Received a gift from Okawaru
 32300 | D:13     | Reached skill level 5 in Shields
 32420 | D:13     | Killed Nessos
 32649 | D:13     | Reached skill level 1 in Evocations
 32669 | D:13     | Reached XP level 16. HP: 74/113 MP: 18/23
 32757 | D:13     | Found a gate to the Vaults.
 32787 | D:13     | Noticed Snorg
 32796 | D:13     | Killed Snorg
 33016 | D:14     | Got an encrusted scale mail
 33036 | D:13     | Identified the cursed +1 scale mail "Vocet" {Int+4} (You
                  | found it on level 14 of the Dungeon)
 33556 | D:14     | Noticed Cumfusion's ghost (journeyman MiFi)
 33556 | D:14     | Noticed a lich
 33559 | D:14     | Noticed a tengu reaver
 33910 | D:14     | Found a runed translucent door.
 33914 | D:14     | Found a runed translucent door.
 34273 | D:15     | Entered Level 15 of the Dungeon
 34915 | D:15     | Identified Roxanne's Tome of the Rocks
 34915 | D:15     | Noticed Roxanne
 34965 | D:15     | Received a gift from Okawaru
 35040 | D:15     | Noticed Josephine
 35132 | D:15     | Found the cursed necklace of Bloodlust {*Rage +Rage Will++
                  | Int-3 Slay+6 *Curse}
 35429 | D:15     | Found Niby's Gadget Shop.
 35647 | D:15     | Killed Josephine
 35849 | D:15     | Noticed Kirke
 35873 | D:15     | Killed Kirke
 35873 | D:15     | Received a gift from Okawaru
 35924 | D:15     | Found Joysa's Antique Weapon Shoppe.
 36026 | D:15     | Reached skill level 5 in Evocations
 36155 | D:15     | Found a staircase to the Depths.
 36166 | D:15     | Received a gift from Okawaru
 36198 | D:15     | Received a gift from Okawaru
 36348 | Orc:1    | Entered Level 1 of the Orcish Mines
 36371 | Orc:1    | Found Xeijaaf's Assorted Antiques.
 36534 | Orc:1    | Found a burning altar of Makhleb.
 36956 | Orc:2    | Entered Level 2 of the Orcish Mines
 37158 | Orc:2    | Reached XP level 17. HP: 110/120 MP: 24/24
 37609 | Orc:2    | Received a gift from Okawaru
 38058 | Orc:2    | Found a roughly hewn altar of Beogh.
 38366 | Orc:2    | Found Utriodeo's Jewellery Shop.
 38366 | Orc:2    | Found Ecveuw's Weapon Shoppe.
 38480 | Orc:2    | Found Cate's Distillery.
 38480 | Orc:2    | Found Efuschyits's Distillery.
 38486 | Orc:2    | Bought a potion of berserk rage for 65 gold pieces
 38519 | Orc:2    | Found a staircase to the Elven Halls.
 38768 | Snake:1  | Entered Level 1 of the Snake Pit
 38997 | Snake:1  | Noticed Nikola
 39043 | Snake:1  | Noticed Louise
 39046 | Snake:1  | Killed Nikola
 39046 | Snake:1  | Received a gift from Okawaru
 39151 | Snake:1  | Killed Louise
 39228 | Snake:1  | Got a colourful robe {god gift}
 39241 | Snake:1  | Identified the +1 robe of Follow the Leader {-Cast +Blink
                  | Dex+4} (Okawaru gifted it to you on level 1 of the Snake
                  | Pit)
 39981 | Snake:2  | Found a radiant altar of Vehumet.
 41101 | Snake:3  | Reached skill level 10 in Shields
 41340 | Snake:3  | Found a snail-covered altar of Cheibriados.
 41384 | Snake:3  | Received a gift from Okawaru
 42099 | Snake:3  | Reached XP level 18. HP: 128/128 MP: 25/25
 42610 | Snake:4  | Entered Level 4 of the Snake Pit
 43892 | Snake:4  | Received a gift from Okawaru
 43931 | Snake:4  | Received a gift from Okawaru
 44314 | Snake:4  | Got an iridescent dagger {god gift}
 44315 | Snake:4  | Identified the +9 dagger "Varph" {venom, rC+++ Str-5 Int-3
                  | Dex+9} (Okawaru gifted it to you on level 4 of the Snake
                  | Pit)
 44788 | Snake:4  | Reached skill level 10 in Evocations
 45064 | Snake:4  | Received a gift from Okawaru
 45508 | Snake:4  | Got a serpentine rune of Zot
 45563 | Snake:4  | Received a gift from Okawaru
 45950 | Swamp:1  | Entered Level 1 of the Swamp
 46020 | Swamp:1  | You fall into a shaft and drop 1 floor!
 46455 | Swamp:1  | Reached XP level 19. HP: 137/137 MP: 26/26
 46743 | Swamp:1  | Noticed Aizul
 46772 | Swamp:1  | Killed Aizul
 47679 | Swamp:2  | Got a fine robe
 47690 | Swamp:2  | Identified the +0 robe of Dust Devil {rC+ Stlth+} (You
                  | found it on level 2 of the Swamp)
 48066 | Swamp:3  | Found an ancient bone altar of Kikubaaqudgha.
 48300 | Swamp:3  | Reached XP level 20. HP: 144/144 MP: 27/27
 49458 | Swamp:3  | Reached skill level 15 in Fighting
 49473 | Swamp:3  | Reached skill level 15 in Slings
 49746 | Swamp:4  | Entered Level 4 of the Swamp
 50356 | Swamp:4  | Received a gift from Okawaru
 51076 | Swamp:4  | Received a gift from Okawaru
 51077 | Swamp:4  | Reached skill level 16 in Slings
 51304 | Swamp:4  | Received a gift from Okawaru
 51820 | Swamp:4  | Reached XP level 21. HP: 152/152 MP: 28/28
 51852 | Swamp:4  | Got a decaying rune of Zot
 52409 | Vaults:1 | Entered Level 1 of the Vaults
 52910 | Vaults:1 | Found Pillaad's Weapon Shop.
 52992 | Vaults:1 | Received a gift from Okawaru
 53614 | Vaults:1 | Reached skill level 17 in Slings
 53676 | Vaults:1 | Received a gift from Okawaru
 55830 | Vaults:2 | Got a dazzling quarterstaff
 55837 | Vaults:2 | Identified the cursed +0 quarterstaff "Enke" {protect,
                  | *Drain rPois rF++ Dex-5} (You found it on level 2 of the
                  | Vaults)
 55909 | Vaults:2 | Found a runed translucent gate.
 55909 | Vaults:2 | Found a runed translucent gate.
 55910 | Vaults:2 | Found a runed translucent gate.
 56132 | Vaults:2 | Noticed Vatovie's ghost (veteran MiFi)
 56302 | Vaults:3 | Found a magical portal.
 56335 | WizLab   | Entered Lehudib's Moon Base
 56616 | WizLab   | Found a transporter.
 56708 | WizLab   | Reached skill level 18 in Slings
 57631 | WizLab   | Reached XP level 22. HP: 147/161 MP: 30/30
 57674 | WizLab   | Reached skill level 15 in Dodging
 57936 | WizLab   | HP: 47/161 [quicksilver dragon/bolt of dispelling energy
                  | (53)]
 58551 | WizLab   | Paralysed by accursed screaming for 1 turns
 58714 | WizLab   | Gained mutation: Scrolls take you a little longer to read.
                  | [a neqoxec]
 59740 | WizLab   | Received a gift from Okawaru
 59933 | WizLab   | Found a transporter.
 60072 | WizLab   | Identified Lehudib's Compendium of Shifting Earth
 60132 | WizLab   | Reached skill level 10 in Stealth
 60635 | WizLab   | Got a smoking wooden ring
 60637 | WizLab   | Identified the ring "Myten" {rF+ Str+2 SInv} (You found it
                  | in a wizard's laboratory)
 60895 | Vaults:3 | Found a staircase to the Crypt.
 61169 | Vaults:3 | Received a gift from Okawaru
 61233 | Vaults:3 | Received a gift from Okawaru
 61360 | Vaults:3 | Reached skill level 19 in Slings
 61424 | Vaults:3 | Identified a +1 pair of boots of running (Okawaru gifted it
                  | to you on level 3 of the Vaults)
 62629 | D:13     | Lost mutation: Scrolls take you a little longer to read.
                  | [potion of mutation]
 62629 | D:13     | Gained mutation: Your flesh is heat resistant. (rF+)
                  | [potion of mutation]
 62635 | D:13     | Identified a scroll of acquirement
 63558 | Vaults:4 | Reached XP level 23. HP: 168/168 MP: 32/32
 64166 | Vaults:4 | Noticed Jory
 64233 | Vaults:3 | HP: 49/169 [Jory/vampiric draining (10)]
 64239 | Vaults:3 | Killed Jory
 64917 | Vaults:4 | Reached skill level 20 in Slings
 64990 | Vaults:4 | Received a gift from Okawaru
 65821 | Elf:1    | Entered Level 1 of the Elven Halls
 66298 | Elf:1    | Reached skill level 15 in Shields
 66503 | Elf:1    | Noticed Donald
 66553 | Elf:1    | Killed Donald
 66610 | Elf:1    | Found Saewa's Antique Armour Shop.
 66612 | Elf:1    | Found Quap's Jewellery Shoppe.
 66744 | Elf:1    | Bought agate-encrusted fire dragon scales for 1430 gold
                  | pieces
 66758 | Elf:1    | Identified the +3 fire dragon scales of Bainit {rPois rF++
                  | rC- rN++ Will- rCorr} (You bought it in a shop on level 1
                  | of the Elven Halls)
 66900 | Elf:1    | Identified Vehumet's Tome of Conjuration
 66942 | Elf:1    | Found Qoudim's Weapon Shoppe.
 67173 | Elf:1    | Received a gift from Okawaru
 67612 | Elf:2    | Identified the +9 falchion "Dulusi Vacamm" {flame, rPois
                  | rC+ Will+}
 67712 | Elf:2    | Received a gift from Okawaru
 67925 | Elf:2    | Received a gift from Okawaru
 68028 | Elf:2    | Found a runed translucent gate.
 68028 | Elf:2    | Found a runed translucent gate.
 68028 | Elf:2    | Found a runed translucent gate.
 68429 | Elf:2    | Reached XP level 24. HP: 179/179 MP: 32/32
 68450 | Elf:2    | Received a gift from Okawaru
 69468 | Elf:3    | Entered Level 3 of the Elven Halls
 69468 | Elf:3    | Found Hihel's Mayhem Merchandise.
 70714 | Elf:3    | Received a gift from Okawaru
 70860 | Elf:3    | Identified the +6 rapier of Idithryor {venom, *Corrode
                  | +Rage rElec SInv}
 71124 | Elf:3    | Reached skill level 1 in Polearms
 71508 | Elf:3    | Identified the cursed +1 demon trident "Daompail" {elec,
                  | rN+ Int+4}
 71675 | Elf:3    | Identified the +6 hand axe "Imp's Curse" {vorpal, +Blink
                  | Int+4 Dex-5 SInv}
 72003 | Elf:3    | Got a faintly glowing ring mail
 72014 | Elf:3    | Identified the +5 ring mail of Hekack {Int+2 Dex+2} (You
                  | found it on level 3 of the Elven Halls)
 72117 | Elf:3    | Identified the Incunabulum of the Captivating Frostbite
 72736 | Depths:1 | Entered Level 1 of the Depths
 73075 | Depths:1 | Reached skill level 1 in Translocations
 73144 | Depths:1 | Found a gateway to Hell.
 73177 | Depths:1 | Got a faintly glowing leather armour
 73184 | Depths:1 | Identified the cursed +1 leather armour "Liynkug" {Str+4}
                  | (You found it on level 1 of the Depths)
 73549 | Depths:1 | Found Fihi's Weapon Shoppe.
 73562 | Depths:1 | Found Qaribbau's Magic Scroll Shoppe.
 73588 | Depths:1 | Bought a scroll of enchant weapon for 150 gold pieces
 73588 | Depths:1 | Bought a scroll of enchant weapon for 150 gold pieces
 73588 | Depths:1 | Bought a scroll of enchant weapon for 150 gold pieces
 74092 | Depths:1 | Reached XP level 25. HP: 187/187 MP: 32/32
 74258 | Depths:1 | Found Plog's Magic Scroll Shoppe.
 74444 | Depths:1 | Bought a scroll of enchant weapon for 127 gold pieces
 74721 | Depths:2 | Reached skill level 5 in Polearms
 75142 | Depths:2 | Found a one-way gate leading to the halls of Pandemonium.
 75250 | Depths:2 | Received a gift from Okawaru
 75387 | Depths:2 | Paralysed by a floating eye for 2 turns
 75722 | Depths:2 | Found a one-way gate to the infinite horrors of the Abyss.
 75777 | Depths:2 | Learned a level 2 spell: Blink
 76233 | Depths:3 | Paralysed by a floating eye for 2 turns
 76283 | Depths:3 | Found Niennoan's Antique Armour Emporium.
 76398 | Depths:3 | Bought an ancient helmet for 237 gold pieces
 76416 | Depths:3 | Identified the +0 helmet "Zuidats" {Stlth+} (You bought it
                  | in a shop on level 3 of the Depths)
 76676 | Depths:3 | Reached skill level 5 in Translocations
 77183 | Depths:3 | Noticed a caustic shrike
 77212 | Depths:3 | Killed a caustic shrike
 77296 | Depths:3 | Found Faelom's Antique Armour Boutique.
 77622 | Depths:3 | Found Deplos's Distillery.
 77629 | Depths:3 | Bought a potion of might for 48 gold pieces
 77629 | Depths:3 | Bought a potion of curing for 36 gold pieces
 77629 | Depths:3 | Bought a potion of curing for 36 gold pieces
 77629 | Depths:3 | Bought a potion of invisibility for 96 gold pieces
 77629 | Depths:3 | Bought a potion of heal wounds for 60 gold pieces
 77629 | Depths:3 | Bought a potion of lignification for 36 gold pieces
 78126 | Depths:3 | Learned a level 3 spell: Lesser Beckoning
 78130 | Depths:3 | Learned a level 3 spell: Gell's Gravitas
 78134 | Depths:3 | Learned a level 3 spell: Teleport Other
 78139 | Depths:3 | Learned a level 4 spell: Passage of Golubria
 78251 | Depths:4 | Found a gateway to a ziggurat.
 78309 | Depths:4 | Noticed Mennas
 79140 | Slime:1  | Entered Level 1 of the Pits of Slime
 79148 | Slime:1  | Received a gift from Okawaru
 79481 | Slime:2  | Reached XP level 26. HP: 159/195 MP: 17/32
 79896 | Slime:5  | Entered Level 5 of the Pits of Slime
 80733 | Slime:5  | Noticed the Royal Jelly
 80885 | Slime:5  | Killed the Royal Jelly
 80885 | Slime:5  | Received a gift from Okawaru
 80885 | Slime:5  | Received a gift from Okawaru
 80886 | Slime:5  | Reached skill level 10 in Polearms
 81330 | Slime:5  | Found the +9 scales of the Dragon King {rPois rF+ rC+
                  | Will+}
 81339 | Slime:5  | Got a slimy rune of Zot
 81879 | Crypt:1  | Entered Level 1 of the Crypt
 81935 | Crypt:1  | Got a fine bronze ring
 81937 | Crypt:1  | Identified the cursed ring "Napha" {rC+ Will+ Str-4} (You
                  | found it on level 1 of the Crypt)
 83031 | Crypt:1  | Noticed a royal mummy
 83049 | Crypt:1  | Killed a royal mummy
 83049 | Crypt:1  | Received a gift from Okawaru
 83088 | Crypt:1  | Noticed a royal mummy
 83123 | Crypt:1  | Noticed a royal mummy
 83127 | Crypt:1  | Killed a royal mummy
 83332 | Crypt:1  | Found a shimmering blue altar of Sif Muna.
 83343 | Crypt:1  | Identified the amulet of Activism {RegenMP +Inv Dex-4
                  | Slay+4}
 83795 | Crypt:1  | Identified the Papyrus of Companions
 83928 | Crypt:1  | Found the +7 sceptre of Torment {pain, torment}
 84626 | Crypt:1  | Received a gift from Okawaru
 84902 | Crypt:2  | Reached XP level 27. HP: 165/192 MP: 32/32
 85350 | Crypt:3  | Entered Level 3 of the Crypt
 86012 | Crypt:3  | Received a gift from Okawaru
 86694 | Crypt:3  | Found an ancient bone altar of Kikubaaqudgha.
 87009 | Crypt:3  | Identified the cursed +1 morningstar "Mefrej" {venom, rElec
                  | Str+3}
 87009 | Crypt:3  | Identified the ring of Internal Strife {*Corrode rF++ rC+
                  | Will+ Int+3}
 87049 | Crypt:3  | Noticed an ancient lich
 87073 | Crypt:3  | Killed an ancient lich
 87073 | Crypt:3  | Received a gift from Okawaru
 87901 | Crypt:3  | Found a staircase to the Tomb.
 88309 | Crypt:3  | Learned a level 3 spell: Portal Projectile
 88826 | Depths:3 | Killed Mennas
 89975 | Slime:3  | Received a gift from Okawaru
 90285 | Orc:2    | Bought 20 sling bullets for 160 gold pieces
 90317 | Orc:2    | Bought a potion of cancellation for 104 gold pieces
 90317 | Orc:2    | Bought a potion of resistance for 130 gold pieces
 90317 | Orc:2    | Bought a potion of curing for 39 gold pieces
 90317 | Orc:2    | Bought a potion of lignification for 39 gold pieces
 90317 | Orc:2    | Bought a potion of heal wounds for 65 gold pieces
 90317 | Orc:2    | Bought a potion of heal wounds for 65 gold pieces
 90317 | Orc:2    | Bought a potion of haste for 130 gold pieces
 90317 | Orc:2    | Bought a potion of curing for 39 gold pieces
 90317 | Orc:2    | Bought a potion of heal wounds for 65 gold pieces
 90317 | Orc:2    | Bought a potion of lignification for 39 gold pieces
 90317 | Orc:2    | Bought a potion of ambrosia for 104 gold pieces
 90326 | Orc:2    | Bought a potion of berserk rage for 70 gold pieces
 90326 | Orc:2    | Bought a potion of curing for 42 gold pieces
 90326 | Orc:2    | Bought a potion of cancellation for 112 gold pieces
 90326 | Orc:2    | Bought a potion of might for 56 gold pieces
 90326 | Orc:2    | Bought a potion of heal wounds for 70 gold pieces
 90326 | Orc:2    | Bought a potion of mutation for 112 gold pieces
 90334 | Orc:2    | Bought a potion of magic for 112 gold pieces
 90398 | Orc:1    | Bought a scroll of teleportation for 105 gold pieces
 90641 | Elf:1    | Bought 24 sling bullets for 132 gold pieces
 90841 | Lair:1   | Killed Inuonops's ghost
 90851 | Lair:1   | Killed Beqar's ghost
 90861 | Lair:1   | Killed Hotij's ghost
 91498 | Depths:4 | Received a gift from Okawaru
 91665 | Depths:4 | Received a gift from Okawaru
 92176 | Depths:4 | Reached skill level 21 in Slings
 92806 | Depths:4 | Received a gift from Okawaru
 92812 | Depths:4 | Got a pair of shimmering gloves {god gift}
 92823 | Depths:4 | Identified the +0 pair of gloves of Peus {Int+3} (Okawaru
                  | gifted it to you on level 4 of the Depths)
 93338 | Depths:5 | Entered Level 5 of the Depths
 93338 | Depths:5 | Found a bloodstained altar of Trog.
 93431 | Depths:5 | Reached skill level 10 in Translocations
 93543 | Depths:5 | Found a gate to the Realm of Zot.
 93882 | Depths:5 | Reached skill level 22 in Slings
 93973 | Depths:5 | Noticed Boris
 93999 | Depths:5 | Killed Boris
 94114 | Depths:5 | Found a corrupted altar of Lugonu.
 94235 | Depths:5 | Found a basalt altar of Yredelemnul.
 94834 | Depths:5 | Received a gift from Okawaru
 94949 | Depths:5 | Received a gift from Okawaru
 96356 | D:4      | Bought a potion of resistance for 140 gold pieces
 96356 | D:4      | Bought a potion of mutation for 112 gold pieces
 96356 | D:4      | Bought a potion of lignification for 42 gold pieces
 96356 | D:4      | Bought a potion of magic for 112 gold pieces
 96356 | D:4      | Bought a potion of mutation for 112 gold pieces
 96446 | D:7      | Bought a potion of magic for 120 gold pieces
 96757 | D:14     | Killed Cumfusion's ghost
 97057 | D:15     | Killed Roxanne
 97405 | Crypt:3  | Identified the +2 rapier of Law {vorpal, rPois} (You found
                  | it on level 3 of the Crypt)
 97598 | Crypt:1  | Killed a royal mummy
 97599 | Crypt:1  | Reached skill level 23 in Slings
 97944 | Depths:1 | Bought a scroll of teleportation for 60 gold pieces
 97944 | Depths:1 | Bought a scroll of teleportation for 60 gold pieces
 97944 | Depths:1 | Bought a scroll of fog for 40 gold pieces
 97944 | Depths:1 | Bought a scroll of teleportation for 60 gold pieces
 97982 | Depths:1 | Bought a scroll of teleportation for 51 gold pieces
 97982 | Depths:1 | Bought a scroll of teleportation for 51 gold pieces
 97982 | Depths:1 | Bought a scroll of teleportation for 51 gold pieces
 97982 | Depths:1 | Bought a scroll of teleportation for 51 gold pieces
 98038 | Depths:3 | Bought a potion of mutation for 96 gold pieces
 98038 | Depths:3 | Bought 2 potions of resistance for 240 gold pieces
 98098 | Zot:1    | Entered Level 1 of the Realm of Zot
 98677 | Zot:1    | Received a gift from Okawaru
100098 | Zot:1    | Received a gift from Okawaru
100119 | Zot:1    | Identified the +1 buckler of Complete Protection {rPois
                  | Int+3 Dex-2} (Okawaru gifted it to you on level 1 of the
                  | Realm of Zot)
100281 | Zot:2    | Noticed a Killer Klown
100292 | Zot:1    | Reached skill level 24 in Slings
100330 | Zot:1    | Killed a Killer Klown
100958 | Zot:2    | Found a shimmering blue altar of Sif Muna.
101106 | Zot:2    | Identified the +7 hand axe of Iticlas {vorpal, +Blink
                  | Str+2}
102056 | Orc:1    | Bought a scroll of enchant armour for 262 gold pieces
102512 | Depths:1 | Bought a scroll of enchant armour for 127 gold pieces
102869 | Zot:2    | Noticed a Killer Klown
102914 | Zot:2    | Killed a Killer Klown
104079 | Zot:2    | Received a gift from Okawaru
104804 | Zot:3    | Reached skill level 25 in Slings
104821 | Zot:3    | Received a gift from Okawaru
105768 | Zot:4    | Received a gift from Okawaru
106851 | Zot:4    | Reached skill level 15 in Armour
106856 | Zot:4    | Received a gift from Okawaru
107101 | Zot:5    | Entered Level 5 of the Realm of Zot
107106 | Zot:5    | Found a huge runed gate.
107106 | Zot:5    | Found a huge runed gate.
107106 | Zot:5    | Found a huge runed gate.
107106 | Zot:5    | Found a huge runed gate.
107106 | Zot:5    | Found a huge runed gate.
107117 | Zot:5    | Noticed an orb of fire
107117 | Zot:5    | Noticed an orb of fire
107117 | Zot:5    | Noticed an ancient lich
107117 | Zot:5    | Noticed an orb of fire
107117 | Zot:5    | Noticed an ancient lich
107121 | Zot:5    | Noticed an ancient lich
107149 | Zot:3    | Gained mutation: You occasionally shout uncontrollably at
                  | your foes. [an orb of fire]
107349 | Zot:3    | Killed an orb of fire
107426 | Zot:4    | Killed an orb of fire
108012 | Zot:5    | Killed an orb of fire
108190 | Zot:5    | Killed an ancient lich
108232 | Zot:5    | Killed an ancient lich
108232 | Zot:5    | Received a gift from Okawaru
108241 | Zot:5    | Reached skill level 26 in Slings
108472 | Zot:5    | HP: 58/214 [???[an ancient lich] (55)]
108745 | Zot:5    | Killed an ancient lich
109215 | Zot:5    | Noticed an ancient lich
109233 | Zot:5    | Received a gift from Okawaru
109253 | Zot:5    | Killed an ancient lich
109301 | Zot:5    | Noticed an orb of fire
109330 | Zot:5    | Noticed an orb of fire
109354 | Zot:5    | Killed an orb of fire
109360 | Zot:5    | Noticed an orb of fire
109399 | Zot:5    | Killed an orb of fire
109700 | Zot:5    | Killed an orb of fire
109827 | Zot:5    | Noticed a Killer Klown
109865 | Zot:5    | Killed a Killer Klown
110379 | Zot:5    | Noticed an orb of fire
110426 | Zot:5    | Killed an orb of fire
110426 | Zot:5    | Received a gift from Okawaru
110628 | Zot:5    | Noticed an ancient lich
110654 | Zot:5    | Noticed a Killer Klown
110690 | Zot:5    | Killed a Killer Klown
110733 | Zot:5    | Noticed an orb of fire
110769 | Zot:5    | Killed an orb of fire
110936 | Zot:5    | Noticed an ancient lich
110973 | Zot:5    | Killed an ancient lich
111100 | Zot:5    | Reached skill level 27 in Slings
111145 | Zot:5    | Noticed an orb of fire
111293 | Zot:5    | Noticed an ancient lich
111295 | Zot:5    | Noticed an orb of fire
111379 | Zot:5    | Killed an orb of fire
111383 | Zot:5    | Noticed an ancient lich
111397 | Zot:5    | Killed an ancient lich
111480 | Zot:5    | Killed an ancient lich
111687 | Zot:5    | Killed an orb of fire
111748 | Zot:5    | Noticed an orb of fire
111825 | Zot:5    | Noticed an orb of fire
111868 | Zot:5    | Killed an orb of fire
111868 | Zot:5    | Received a gift from Okawaru
111928 | Zot:5    | Killed an orb of fire
112190 | Zot:5    | Killed an ancient lich
113027 | Zot:5    | Got the Orb of Zot
113306 | Depths:1 | Noticed Riopoun the pandemonium lord
113759 | D:$      | Escaped with the Orb!

Illustrated notes

Levels and vault maps discovered:
D:1:      dpeg_arrival_water_temple_mockup, layout_loops_ring
D:2:      layout_basic, minmay_pentomino_x4, uniq_terence
D:3:      layout_basic, kennysheep_generic_room_2, uniq_crazy_yiuf_cottage,
          uniq_robin
D:4:      layout_loops_cross, serial_shops, kennysheep_mini_moat,
          nrook_loot_triangle, minmay_increasing_density
D:5:      black_bear_nest_2, layout_gridville, kiku_gazebo_pond_becter,
          minmay_temple_entry_stoned_glass, gup_sewer_entry_bubbles,
          grunt_ministairs_13, dk_noncrumbling_2, uniq_sigmund
D:6:      layout_loops_cross, grunt_dithmenos_smoke, uniq_duvessa
D:7:      kennysheep_windowed_halls, layout_basic, serial_shops,
          nicolae_shop_temple_entry_statues_fountains
D:8:      layout_basic
D:9:      layout_loops_ring, gammafunk_temple_overflow_forgotten
D:10:     minmay_diamond_stairs, layout_loops_cross, erik_lair_island,
          orc_0_dummy, lemuel_altar_in_water
D:11:     layout_stronghold
D:12:     lemuel_ogre_cave, layout_rooms
D:13:     layout_roguey, david_vaults_4, kennysheep_generic_room_5, uniq_nessos,
          uniq_snorg
D:14:     layout_irregular_city, muffindrake_ghost_dual_entry,
          chequers_serial_rivers_large_b
D:15:     grunt_enter_depths_magical_seal, layout_long_grid, serial_shops,
          shop_fountains, shop, chequers_avenue, uniq_roxanne, uniq_kirke,
          uniq_josephine
Temple:   hc_temple_tempest_star
Lair:1:   layout_cave_shapes, gammafunk_ghost_cemetery,
          portal_ice_cave_entry_imps, infiniplex_staircase_pool
Lair:2:   layout_gridlike, guppyfry_snake_entry_island, lemuel_fruit_tree,
          serial_bayou_shore_b
Lair:3:   layout_small_grid, minmay_swamp_entry_swarm, st_stairs_6,
          beast_lair_carwin_11, minmay_lair_oklob_chamber, grunt_megastairs_5,
          lemuel_fruit_fields
Lair:4:   layout_long_grid, gammafunk_ghost_cemetery, lemuel_fruit_fields
Lair:5:   layout_roguey
Lair:6:   guppyfry_lair_end_dragon, layout_cave_pods, hangedman_lair_in_review,
          minmay_slime_entry_pillars, grunt_megastairs_3
Swamp:1:  layout_basic_swamp, evilmike_swamp_ruin_wall, hangedman_swamp_cone,
          swamp_pool4, uniq_aizul
Swamp:2:  layout_basic_swamp, evilmike_swamp_ruin_house_4
Swamp:3:  layout_basic_swamp, basic_altar
Swamp:4:  swamp_basic_johnstein, layout_basic_swamp, swamp_pool2,
          hangedman_swamp_dais
Snake:1:  layout_grid_shapes, nicolae_snake_squiggles, serial_bayou_pond_a,
          uniq_nikola, uniq_louise
Snake:2:  layout_misc_corridors, basic_altar
Snake:3:  layout_grid_shapes, basic_altar
Snake:4:  johnstein_snake_rune_scales, layout_onion_interference
Slime:1:  layout_caves
Slime:2:  cheibrodos_slime_lost_civilization_2, layout_caves
Slime:3:  layout_caves
Slime:4:  layout_caves
Slime:5
Orc:1:    layout_diamond_mine, serial_shops, shop, basic_altar
Orc:2:    st_orc_town, layout_caves
Elf:1:    eino_elf_arrival_sip, layout_gridlike, serial_shops, shop,
          nicolae_shop_behind_doors, shop, minmay_elf_sorcery,
          grunt_megastairs_4, uniq_donald
Elf:2:    layout_gridlike, small_chamber_with_monster,
          minmay_the_grid_square_5x5_3x3_mashed
          [minmay_the_grid_square_5x5_n_small,
          minmay_the_grid_square_5x5_two_small,
          minmay_the_grid_square_5x5_spiral,
          minmay_the_grid_square_5x5_beaten_path,
          minmay_the_grid_square_5x5_megaprize_open,
          minmay_the_grid_square_5x5_eight_small,
          minmay_the_grid_square_5x5_inner_z,
          minmay_the_grid_square_5x5_hourglass,
          minmay_the_grid_square_5x5_minimal]
Elf:3:    minmay_elf_hall_furrowed, layout_gridlike, minivault_16, drop_trap,
          minmay_shop_mayhem, glass_columns_a
Vaults:1: v_alt_pattern_3, nicolae_vaults_back_hallway,
          ontoclasm_vaults_ring_small, vaults_dpeg_encased_lava, v_misc_22,
          v_misc_13, v_misc_5, vaults_room_fours, ontoclasm_vaults_gallery,
          hangedman_vaults_nails, vaults_dpeg_hooks,
          nicolae_vaults_little_squares_1, nicolae_vaults_specimen_jars,
          layout_vaults_omnigrid, serial_shops, shop_fountains
Vaults:2: gammafunk_vaults_ghost_tricky_traps, nicolae_vaults_theta,
          hangedman_vaults_slice, nicolae_vaults_statue_guard,
          vaults_room_fours, v_pattern_1, nicolae_vaults_border_crossing,
          nicolae_vaults_yaktaur_gun_rack,
          vaults_standard_mumra_enter_the_diamond, nicolae_vaults_circle_grid_a,
          layout_vaults_omnibox
Vaults:3: vaults_dpeg_cross, ontoclasm_vaults_twist, vaults_mumra_minichess,
          v_rooms_1, minmay_crypt_entry_nasty_monster,
          grunt_vaults_hallway_long, nicolae_vaults_big_angled_halls,
          vaults_dpeg_doors, grunt_vaults_trifunnel, ontoclasm_vaults_shuriken,
          nicolae_vaults_little_squares_6, vaults_room_fours,
          grunt_vaults_hallway_short, ontoclasm_vaults_gateway,
          layout_vaults_big_cross, lightli_enter_wizlab_magi_temple
Vaults:4: nicolae_vaults_alarming, v_misc_12, v_misc_8, v_misc_10, v_rooms_4,
          ontoclasm_vaults_misaligned, st_check, grunt_vaults_diagonal,
          vaults_standard_mumra_lines, v_misc_18, nicolae_vaults_shelves_hall,
          vaults_room_ringed_pool, ontoclasm_vaults_ring_square,
          layout_vaults_maze_snakey, uniq_jory
Crypt:1:  minmay_guarded_unrand_sceptre_of_torment, layout_misc_corridors,
          hangedman_summoners_spam
Crypt:2:  layout_rooms, grunt_ministairs_3
Crypt:3:  evilmike_haunted_forest
Depths:1: layout_basic, hangedman_coc_ice_floe, serial_bayou,
          serial_bayou_pond_e, serial_bayou_pond_d, serial_bayou_pond_d,
          serial_bayou_shore_a, serial_shops, kennysheep_little_box,
          amcnicky_mini_corridor_feature, evilmike_butchery,
          serial_bayou_shore_b, minmay_shop_star
Depths:2: minmay_expanding_squares, layout_basic, grunt_pan_entry_spiral,
          hell_entry, abyss_entry, serial_bayou_shore_b
Depths:3: wad_statue_garden, layout_basic, serial_shops, shop, shop, shop,
          abyss_entry, rand_demon_pan_entry_5, serial_sigils_hangedman_gnaw,
          hell_entry, minmay_gold_behind_fungi,
          infiniplex_staircase_split_hallway
Depths:4: constructs_gauntlet_mu_hangedman, layout_cave_pools, enter_ziggurat_e,
          minmay_room_of_horrors, grunt_hell_entry_dis_old,
          serial_sigils_hangedman_snap, rand_demon_pan_entry_7,
          infiniplex_staircase_door_maze, uniq_mennas
Depths:5: grunt_crosshair, layout_cave_shapes, lemuel_crystal_altar,
          hellmouth_1, abyss_entry_flame_altar, hangedman_blasphemy, uniq_boris
Zot:1:    layout_basic, grunt_ministairs_4
Zot:2:    infiniplex_zot_generator, layout_cathedral_of_symmetry, basic_altar
Zot:3:    layout_gridlike, st_stairs_9
Zot:4:    layout_basic
Zot:5:    layout_gridlike, door_vault

Skill      XL: |  1  2  3  4  5  6  7  8  9 10 11 12 13 14 15 16 17 18 19 20 21 22 23 24 25 26 27 |
---------------+----------------------------------------------------------------------------------+-----
Fighting       | 1 2 3 4 5 6 7 9 10 11 12 13 14 15 16 17 18 19 20 25 | 25.8
Stealth        | 1 2 3 4 5 6 8 9 10 11 13 | 13.1
Armour         | 1 2 3 4 6 7 8 9 10 11 12 18 | 18.8
Dodging        | 3 4 5 6 7 9 10 11 12 13 14 15 | 15.3
Slings         | 4 5 6 7 8 10 11 12 13 14 16 18 19 20 27 | 27.0
Short Blades   | 3 7 9 10 11 13 14 | 14.0
Invocations    | 2 6 7 9 10 11 12 | 12.8
Shields        | 5 8 10 12 13 15 17 18 19 20 | 20.0
Evocations     | 1 5 8 10 11 | 11.2
Polearms       | 4 8 11 12 | 12.0
Translocations | 2 6 8 12 | 12.6
Spellcasting   | |  1.0
Hexes          | |  2.4

Action                   |  1- 3 |  4- 6 |  7- 9 | 10-12 | 13-15 | 16-18 | 19-21 | 22-24 | 25-27 || total
-------------------------+-------+-------+-------+-------+-------+-------+-------+-------+-------++-------
Melee: Spear             |    42 |    78 |       |       |       |       |       |       |       ||   120
       Whip              |       |     2 |       |       |       |       |       |       |       ||     2
       Short sword       |       |     2 |   207 |    48 |       |       |       |       |       ||   257
       Quarterstaff      |       |       |     5 |       |       |       |       |       |       ||     5
       Rapier            |       |       |       |   466 |   790 |  1386 |  1507 |  2605 |   122 ||  6876
       Punch             |       |       |       |     1 |     2 |       |       |       |       ||     3
       Lance             |       |       |       |       |       |       |       |       |  5171 ||  5171
 Fire: Hunting sling     |    36 |   160 |   290 |   657 |  1023 |  1363 |   750 |   973 |       ||  5252
       Fustibalus        |       |       |       |       |     6 |       |       |    11 |  1864 ||  1881
Throw: Dart              |       |     9 |    26 |    57 |     6 |     6 |     2 |     7 |       ||   113
 Cast: Gell's Gravitas   |       |       |       |       |       |       |       |       |     1 ||     1
       Blink             |       |       |       |       |       |       |       |       |     6 ||     6
       Passage of Golubr |       |       |       |       |       |       |       |       |    10 ||    10
       Lesser Beckoning  |       |       |       |       |       |       |       |       |     2 ||     2
Invok: Heroism           |       |       |       |     3 |    14 |    18 |    15 |    24 |    32 ||   106
       Finesse           |       |       |       |     1 |     4 |     2 |     5 |     6 |    19 ||    37
 Abil: Evoke Flight      |       |       |       |     2 |       |       |       |       |     2 ||     4
Evoke: Wand              |       |       |       |     6 |     3 |     7 |       |     2 |     7 ||    25
       Condenser vane    |       |       |       |       |       |     2 |       |     1 |       ||     3
       Phantom mirror    |       |       |       |       |       |       |       |     1 |     1 ||     2
  Use: Scroll            |       |     6 |    10 |     9 |    12 |     5 |     3 |    11 |    37 ||    93
       Potion            |       |       |     2 |       |     3 |       |     2 |     5 |    14 ||    26
 Stab: Sleeping          |       |       |     2 |     4 |     5 |       |    15 |     4 |    14 ||    44
       Distracted        |       |       |       |     1 |     2 |       |       |     6 |     7 ||    16
       Confused          |       |       |       |       |       |       |     1 |       |       ||     1
Armor: Ring mail         |     4 |    31 |    49 |    92 |       |       |       |       |       ||   176
       Scale mail        |       |       |       |   117 |   230 |   208 |   174 |    16 |       ||   745
       Skin              |       |       |       |       |       |       |     8 |       |    26 ||    34
       Acid dragon scale |       |       |       |       |       |       |     5 |       |       ||     5
       Troll leather arm |       |       |       |       |       |       |       |   157 |   380 ||   537
       Quicksilver drago |       |       |       |       |       |       |       |     4 |       ||     4
       Storm dragon scal |       |       |       |       |       |       |       |       |   191 ||   191
Dodge: Dodged            |    20 |   109 |   164 |   670 |   602 |   729 |   673 |  1085 |  2159 ||  6211
Block: Kite shield       |       |       |       |       |   132 |   754 |   752 |  1306 |  2350 ||  5294
